 Dungeon Crawl Stone Soup version 0.21-a0-442-g848f44b (webtiles) character file.

23401 torrenera the Martial Artist (level 12, 0/114 (116) HPs)
             Began as a Demonspawn Transmuter on Nov 16, 2017.
             Was an Elder of Qazlal.
             Slain by an eight-headed hydra (15 damage)
             ... on level 4 of the Lair of Beasts.
             The game lasted 01:03:37 (19936 turns).

torrenera the Martial Artist (DsTm)                Turns: 19936, Time: 01:03:37

HP:   0/114 (116)   AC: 10    Str: 10    XL:     12   Next: 71%
MP:   18/19         EV: 10    Int: 22    God:    Qazlal [****..]
Gold: 270           SH:  5    Dex: 13    Spells: 5/20 levels left

rFire    x . .     SeeInvis .     - Unarmed
rCold    + + +     Gourm    .   (shield currently unavailable)
rNeg     . . .     Faith    +   (armour currently unavailable)
rPois    +         Spirit   .   (helmet currently unavailable)
rElec    .         Reflect  .   (cloak currently unavailable)
rCorr    .         Harm     .   (gloves currently unavailable)
MR       +++..                  (boots currently unavailable)
Stlth    +.........             V - amulet of faith
HPRegen  0.29/turn              H - ring of Xom's Bemusement {*Contam rC+ MR+++ Int+4 Dex-3}
MPRegen  0.16/turn              t - +3 ring of protection

@: ice-form, repel missiles
A: powered by death 2
a: End Transformation, Upheaval, Elemental Force, Renounce Religion


You were on level 4 of the Lair of Beasts.
You worshipped Qazlal.
Qazlal was greatly pleased with you.
You were not hungry.
You were a creature of crystalline ice.
You visited 3 branches of the dungeon, and saw 16 of its levels.
You also visited: Ice Cave.

You collected 647 gold pieces.
You spent 377 gold pieces at shops.

Inventory:

Hand Weapons
 a - a +0 hunting sling
Missiles
 j - 460 stones (quivered)
 n - 117 sling bullets
 o - 265 arrows
Armour
 c - a +0 pair of boots (melded)
 e - a +1 helmet (melded)
 x - a +2 pair of gloves of strength (melded)
 C - the +2 robe of Pylioz (melded) {rC++}
   (You found it on level 5 of the Dungeon)

   It greatly protects you from cold.
 E - a +0 cloak (melded)
Jewellery
 t - a +3 ring of protection (right front paw)
 H - the ring of Xom's Bemusement (left front paw) {*Contam rC+ MR+++ Int+4 Dex-3}
   (You found it on level 6 of the Dungeon)

   [ring of dexterity]

   It affects your intelligence (+4).
   It affects your dexterity (-3).
   It protects you from cold.
   It affects your resistance to hostile enchantments.
   It causes magical contamination when unequipped.
 V - an amulet of faith (around neck)
 Y - an uncursed ring of resist corrosion
Wands
 k - a wand of lightning (7/15)
 y - a wand of paralysis (14/24)
 M - a wand of flame (24/48)
 S - a wand of acid (0/15)
 T - a wand of disintegration (19/24)
 W - a wand of flame (13/48)
 X - a wand of lightning (8/15)
Scrolls
 b - 5 scrolls of teleportation
 h - 3 scrolls of identify
 l - 2 scrolls of magic mapping
 s - 11 scrolls of remove curse
 v - 3 scrolls of fear
 A - a scroll of torment {unknown}
 B - a scroll of noise {unknown}
 F - a scroll of fog
 K - a scroll of immolation {unknown}
 L - 2 scrolls of recharging
 N - a scroll of blinking {unknown}
 Q - 3 scrolls of enchant weapon {unknown}
 U - 2 scrolls of amnesia {unknown}
Potions
 f - 2 potions of agility
 g - a potion of resistance
 i - 2 potions of brilliance
 m - 2 potions of invisibility {unknown}
 p - 2 potions of haste
 q - a potion of berserk rage
 r - 2 potions of curing
 w - a potion of cancellation
 G - 3 potions of heal wounds {unknown}
 I - a potion of flight
 O - a potion of lignification
Books
 J - a book of Transfigurations

   Spells                             Type                      Level
   a - Irradiate                      Conjuration/Transmutation    5
   b - Statue Form                    Transmutation/Earth          6
   c - Hydra Form                     Transmutation                6
   d - Dragon Form                    Transmutation                7
Comestibles
 d - 13 bread rations
 u - 2 fruits
 z - 4 meat rations
 D - 4 chunks of flesh
 P - 5 royal jellies


   Skills:
 * Level 9.7 Fighting
 - Level 1.7 Dodging
 - Level 11.2 Unarmed Combat
 - Level 4.5 Spellcasting
 - Level 10.1 Transmutations
 - Level 4.7 Ice Magic
 - Level 3.1 Poison Magic
 * Level 9.9 Invocations


You had 5 spell levels left.
You knew the following spells:

 Your Spells              Type           Power        Failure   Level  Hunger
a - Beastly Appendage     Tmut           #####.       1%          1    None
b - Sticks to Snakes      Tmut           #####...     1%          2    #......
c - Spider Form           Tmut/Pois      ####......   1%          3    ##.....
d - Blade Hands           Tmut           #####.....   4%          5    ######.
e - Ice Form              Ice/Tmut       #####...     4%          4    ####...


Dungeon Overview and Level Annotations

Branches:
Dungeon (11/15)            Temple (1/1) D:6            Lair (4/6) D:9
  Swamp (0/4) Lair:3        Snake (0/4) Lair:3          Orc (0/2) D:10

Altars:
Cheibriados
Fedhas
Gozag
Okawaru
Qazlal
Ru
Trog
Uskayaw
Vehumet
Xom
Yredelemnul
Zin

Shops:
D:11 [

Annotations:
D:5 Autsider's ghost, novice VSTm


Innate Abilities, Weirdness & Mutations

((You have sharp toenails.))
((You are mostly covered in yellow scales. (AC +3)))
You regenerate health from kills.
((You are completely covered in sharp spines.))


Message History

You freeze the eight-headed hydra.
The eight-headed hydra is severely wounded.
The eight-headed hydra bites you. The eight-headed hydra bites you!
You block the eight-headed hydra's attack.
The eight-headed hydra bites you but does no damage.
The eight-headed hydra closely misses you.
The eight-headed hydra misses you. The eight-headed hydra bites you.
The eight-headed hydra bites you but does no damage.
You hit the eight-headed hydra.
The eight-headed hydra seems to slow down.
You freeze the eight-headed hydra.
The eight-headed hydra is severely wounded.
The eight-headed hydra bites you! The eight-headed hydra bites you.
You block the eight-headed hydra's attack.
The eight-headed hydra bites you!
* * * LOW HITPOINT WARNING * * *
The eight-headed hydra bites you!
* * * LOW HITPOINT WARNING * * *
The eight-headed hydra bites you!
You die...

.............
................
..........<....
.........D...##
.............# ##
###.#####....###...
##...§§..#..÷.+.....
#.......##....(# .
..##......YD.....##.#
.......<..§.#....#.#
)..##.P.##.##.....#...
..####..###..........
......................
......................
..........>.........[.
......................
......................


You could see an eight-headed hydra.

Vanquished Creatures
  A reaper (IceCv)
  A hydra (Lair:1)
  A two-headed ogre (D:8)
  The ghost of newuser the Quickloader, a novice GnHu of Okawaru (D:9)
  Pikel (D:6)
  A manticore (D:11)
  2 ice statues (IceCv)
  2 black mambas
  Joseph (D:9)
  A centaur skeleton (D:11)
  3 spiny frogs (Lair:3)
  4 komodo dragons
  8 ice devils (IceCv)
  A troll (D:11)
  Prince Ribbit (Lair:2)
  3 blink frogs
  A hornet (D:10)
  2 hippogriffs
  A shadow (D:11)
  A wyvern (Lair:3)
  11 yaks
  3 basilisks
  6 killer bees
  A hungry ghost (D:10)
  6 swamp worms (Lair:3)
  3 nagas (Lair:3)
  An acid dragon (D:11)
  4 water moccasins
  4 porcupines
  A black bear (D:9)
  4 ice beasts
  3 phantoms
  2 sky beasts
  A slave (D:5)
  3 orc warriors
  2 necrophages
  7 ogres
  An eye of draining (D:11)
  11 centaurs
  3 crocodiles
  12 bullfrogs
  A big kobold (D:4)
  The ghost of esteth the Sneak, an amateur SpEn (D:3)
  2 scorpions
  8 wights
  3 howler monkeys
  8 electric eels
  5 crimson imps
  A centaur zombie (D:10)
  2 bullfrog zombies
  A quasit (D:11)
  A jelly (D:5)
  7 orc priests
  4 hounds
  4 bullfrog skeletons
  2 iguanas
  4 worker ants
  19 orc wizards
  A hound zombie (D:10)
  3 worker ant zombies
  A howler monkey skeleton (D:8)
  11 adders
  6 gnolls
  A shadow imp (D:5)
  7 white imps (IceCv)
  7 ufetubi (IceCv)
  An ooze (D:8)
  2 adder zombies (D:6)
  2 adder skeletons
  8 worms
  2 dart slugs
  6 leopard geckos
  48 orcs
  4 bats
  9 giant cockroaches
  9 goblins
  10 hobgoblins
  3 jackals (D:8)
  5 quokkas
  A ball python (D:8)
  2 frilled lizards
  A jackal skeleton (D:4)
  17 kobolds
  A leopard gecko skeleton (D:4)
  A quokka zombie (D:8)
  11 rats
379 creatures vanquished.

Vanquished Creatures (collateral kills)
  A two-headed ogre (D:11)
  Urug (Lair:2)
  A hippogriff (D:8)
  4 ogres
  An iguana (D:9)
  4 adders
  3 river rats (D:3)
  A bat (D:2)
16 creatures vanquished.

Vanquished Creatures (others)
  2 ice beasts
  A slave (D:6)
  2 killer bees (D:7)
  A jelly (D:9)
  A worker ant (D:9)
  An adder (D:9)
  3 white imps (IceCv)
  4 ufetubi (IceCv)
  A quokka (D:9)
  4 fungi
  5 plants (Lair:1)
25 creatures vanquished.

Grand Total: 420 creatures vanquished

Notes
Turn   | Place    | Note
-------+----------+-------------------------------------------
     0 | D:1      | torrenera the Demonspawn Transmuter began the quest for the Orb.
     0 | D:1      | Reached XP level 1. HP: 15/15 MP: 3/3
   607 | D:1      | Gained mutation: You are partially covered in yellow scales. (AC +2) [demonic ancestry]
   607 | D:1      | Reached XP level 2. HP: 17/21 MP: 5/5
   887 | D:1      | Learned a level 2 spell: Sticks to Snakes
  1361 | D:1      | Gained mutation: You are mostly covered in yellow scales. (AC +3) [demonic ancestry]
  1361 | D:1      | Reached XP level 3. HP: 13/26 MP: 4/6
  1867 | D:1      | Learned a level 3 spell: Spider Form
  2490 | D:2      | Reached skill level 1 in Poison Magic
  2490 | D:2      | Reached XP level 4. HP: 13/32 MP: 3/7
  3969 | D:3      | Noticed esteth's ghost (amateur SpEn)
  4895 | D:3      | Gained mutation: You are partially covered in sharp spines. [demonic ancestry]
  4895 | D:3      | Reached XP level 5. HP: 36/37 MP: 2/8
  5728 | D:3      | Killed esteth's ghost
  5728 | D:3      | Reached skill level 5 in Transmutations
  5921 | D:4      | Reached XP level 6. HP: 43/43 MP: 7/9
  7082 | D:5      | Entered Level 5 of the Dungeon
  7293 | D:5      | Noticed a water moccasin
  7313 | D:5      | Found a hide-covered altar of Uskayaw.
  7335 | D:5      | Killed a water moccasin
  7335 | D:5      | Gained mutation: You regenerate a little health from kills. [demonic ancestry]
  7335 | D:5      | Reached XP level 7. HP: 26/48 MP: 4/10
  7356 | D:5      | Noticed Autsider's ghost (novice VSTm)
  8227 | D:5      | Got a brightly glowing robe
  8751 | D:6      | Identified the +2 robe of Pylioz {rC++} (You found it on level 5 of the Dungeon)
  8861 | D:6      | Gained mutation: You have sharp toenails. [demonic ancestry]
  8861 | D:6      | Reached XP level 8. HP: 35/54 MP: 9/11
  8888 | D:6      | Noticed Pikel
  9029 | D:6      | Killed Pikel
  9253 | D:6      | Got a slimy platinum ring
  9270 | D:6      | Found a staircase to the Ecumenical Temple.
  9279 | Temple   | Entered the Ecumenical Temple
  9285 | Temple   | Became a worshipper of Qazlal Stormbringer
  9474 | D:5      | Reached skill level 10 in Transmutations
  9580 | D:6      | Found a blossoming altar of Fedhas.
  9581 | D:6      | Found a snail-covered altar of Cheibriados.
  9581 | D:6      | Found an iron altar of Okawaru.
  9581 | D:6      | Found a sacrificial altar of Ru.
  9763 | D:7      | Learned a level 5 spell: Blade Hands
  9954 | D:7      | Reached XP level 9. HP: 44/59 MP: 13/13
 10231 | D:7      | Learned a level 4 spell: Ice Form
 10337 | D:7      | Reached skill level 1 in Ice Magic
 10353 | D:7      | Reached * piety under Qazlal
 11013 | D:7      | Identified the cursed ring of Xom's Bemusement {*Contam rC+ MR+++ Int+4 Dex-3} (You found it on level 6 of the Dungeon)
 11487 | D:8      | Found a shimmering altar of Xom.
 11489 | D:8      | Paralysed by an orc for 2 turns
 11620 | D:8      | Reached skill level 3 in Unarmed Combat
 11872 | D:8      | Reached skill level 4 in Unarmed Combat
 11930 | D:8      | Noticed a two-headed ogre
 11937 | D:8      | Killed a two-headed ogre
 11937 | D:8      | Reached skill level 5 in Unarmed Combat
 11937 | D:8      | Gained mutation: You are mostly covered in sharp spines. [demonic ancestry]
 11937 | D:8      | Reached XP level 10. HP: 51/70 MP: 10/16
 12254 | D:9      | Noticed Joseph
 12271 | D:9      | Killed Joseph
 12682 | D:9      | Reached ** piety under Qazlal
 12684 | D:9      | Reached skill level 6 in Unarmed Combat
 12758 | D:9      | Found a radiant altar of Vehumet.
 12819 | D:9      | Noticed newuser's ghost (novice GnHu)
 12832 | D:9      | Killed newuser's ghost
 12835 | D:9      | Reached skill level 7 in Unarmed Combat
 12924 | D:9      | Reached skill level 5 in Fighting
 12947 | D:9      | Found a staircase to the Lair.
 13227 | D:10     | Entered Level 10 of the Dungeon
 13451 | D:10     | Reached skill level 8 in Unarmed Combat
 14527 | D:10     | Gained mutation: You regenerate health from kills. [demonic ancestry]
 14527 | D:10     | Reached XP level 11. HP: 80/80 MP: 12/17
 14606 | D:10     | Reached *** piety under Qazlal
 14607 | D:10     | Reached skill level 9 in Unarmed Combat
 14906 | D:10     | Found a staircase to the Orcish Mines.
 14937 | D:10     | Reached **** piety under Qazlal
 15252 | D:11     | Reached skill level 1 in Invocations
 15276 | D:11     | Noticed a two-headed ogre
 15855 | D:11     | Reached skill level 10 in Unarmed Combat
 15877 | D:11     | Found Qedoimm's Antique Armour Shop.
 15901 | D:11     | Bought a pair of runed gloves for 195 gold pieces
 15901 | D:11     | Bought a runed ring mail for 182 gold pieces
 15931 | D:11     | Reached ***** piety under Qazlal
 16270 | D:11     | HP: 4/81 [two-headed ogre/dire flail (24)]
 16270 | D:11     | Killed a two-headed ogre
 16732 | Lair:1   | Entered Level 1 of the Lair of Beasts
 16901 | Lair:1   | Reached skill level 11 in Unarmed Combat
 17060 | Lair:1   | Noticed a six-headed hydra
 17073 | Lair:1   | Killed a six-headed hydra
 17740 | Lair:2   | Noticed Prince Ribbit
 17746 | Lair:1   | Gained mutation: You are completely covered in sharp spines. [demonic ancestry]
 17746 | Lair:1   | Reached XP level 12. HP: 89/89 MP: 13/18
 17768 | Lair:2   | Reached skill level 5 in Invocations
 17776 | Lair:2   | Noticed Urug
 17804 | Lair:2   | Found a frozen archway.
 17830 | Lair:2   | Killed Prince Ribbit
 17843 | Lair:2   | Killed Urug
 17880 | IceCv    | Entered an ice cave
 18164 | IceCv    | Noticed a reaper
 18198 | IceCv    | Killed a reaper
 19231 | Lair:3   | Found a staircase to the Snake Pit.
 19465 | Lair:3   | Found a staircase to the Swamp.
 19922 | Lair:4   | Noticed an eight-headed hydra
 19936 | Lair:4   | Slain by an eight-headed hydra

Vault maps used:
D:1:      sevenhm_arrival_forest_fort_small_5
D:2:      kennysheep_path_1, minmay_surrounded
D:3:      lightli_sewer_entry_pipes, first_bread
D:4:      cheibrodos_thug_alley
D:5:      eat_drink_and_be_merry_uskayaw
D:6:      minitemple, lemuel_temple_firewalk_b, serial_bayou_pond_d, uniq_pikel
D:7:      minmay_flawed_box
D:8:      tgw_xom
D:9:      fiery_altar_vehumet, grunt_lair_entry_orc_guard_hut, uniq_joseph
D:10:     hiddenorc2_lemuel, centaur_isle
D:11:     serial_shops, shop_fountains
Temple:   eino_temple_rhombus
Lair:1:   serial_bayou_lake_a, serial_bayou_shore_b
Lair:2:   statuecave_lemuel, portal_ice_cave_entry_pillars_1, uniq_urug,
          uniq_prince_ribbit2
Lair:3:   nicolae_swamp_entry_splash_gauntlet,
          minmay_snake_entry_guardpost_small
Lair:4:   basic_altar, serial_bayou_lagoon_a, infiniplex_staircase_pool
IceCv:    ice_cave_small_demon

Skill      XL: |  1  2  3  4  5  6  7  8  9 10 11 12 |
---------------+-------------------------------------+-----
Transmutations | 2 3 4 5 6 8 10 | 10.1
Poison Magic   | 1 2 3 |  3.1
Spellcasting   | 3 4 |  4.5
Ice Magic      | 4 |  4.7
Unarmed Combat | 5 8 11 | 11.2
Fighting       | 3 5 7 9 |  9.7
Invocations    | 4 9 |  9.9
Dodging        | |  1.7

Action                   |  1- 3 |  4- 6 |  7- 9 | 10-12 || total
-------------------------+-------+-------+-------+-------++-------
Melee: Unarmed           |    97 |   225 |   297 |   647 ||  1266
       Kick              |    11 |    12 |    73 |    23 ||   119
       Short sword       |    75 |       |       |       ||    75
       Headbutt          |     1 |     3 |    14 |     2 ||    20
       Punch             |     1 |     1 |     2 |    19 ||    23
 Fire: Hunting sling     |    22 |    91 |    44 |    14 ||   171
Throw: Stone             |     4 |     2 |     5 |     1 ||    12
 Cast: Beastly Appendage |    11 |    12 |    11 |     2 ||    36
       Sticks to Snakes  |     4 |    21 |    12 |     5 ||    42
       Spider Form       |       |     1 |     1 |    16 ||    18
       Blade Hands       |       |       |     3 |    24 ||    27
       Ice Form          |       |       |       |     6 ||     6
Invok: Upheaval          |       |       |       |    10 ||    10
       Elemental Force   |       |       |       |     1 ||     1
Evoke: Wand              |       |       |     3 |    11 ||    14
  Use: Scroll            |     5 |       |       |    13 ||    18
       Potion            |       |     1 |       |     1 ||     2
 Stab: Distracted        |       |     1 |       |       ||     1
       Paralysed         |       |       |       |     3 ||     3
  Eat: Chunk             |     5 |    12 |    14 |    32 ||    63
       Bread ration      |       |     1 |       |       ||     1
       Fruit             |       |     1 |     3 |     5 ||     9
Armor: Robe              |     1 |       |    91 |   114 ||   206
       Leather armour    |    42 |    55 |     5 |       ||   102
       Skin              |       |     1 |     7 |    33 ||    41
Dodge: Dodged            |   109 |   137 |   158 |   327 ||   731
       Deflected         |       |       |       |    12 ||    12
Block: Other             |       |       |     6 |   110 ||   116

Table legend:
 A = Spawn XP
 B = Non-spawn XP
 C = Spawn XP percentage of total XP
 D = Spawn monster count
 E = Non-spawn monster count
 F = Spawn count percentage of total count
 G = Total turns spent on level
                    A         B        C        D         E        F      G
               +---------+---------+-------+---------+---------+-------+---------
         Total |       0 |   33431 |   0.0 |       0 |     395 |   0.0 | 19936
               +---------+---------+-------+---------+---------+-------+---------
           D:1 |       0 |      60 |   0.0 |       0 |      27 |   0.0 |  1912
           D:2 |       0 |      87 |   0.0 |       0 |      28 |   0.0 |  2521
           D:3 |       0 |     195 |   0.0 |       0 |      27 |   0.0 |  1466
           D:4 |       0 |     249 |   0.0 |       0 |      19 |   0.0 |  1397
           D:5 |       0 |     694 |   0.0 |       0 |      15 |   0.0 |  1527
           D:6 |       0 |    1301 |   0.0 |       0 |      19 |   0.0 |   945
           D:7 |       0 |    1452 |   0.0 |       0 |      23 |   0.0 |  1514
           D:8 |       0 |    2428 |   0.0 |       0 |      35 |   0.0 |  1225
           D:9 |       0 |    2854 |   0.0 |       0 |      27 |   0.0 |  1141
          D:10 |       0 |    3925 |   0.0 |       0 |      68 |   0.0 |  1782
          D:11 |       0 |    5038 |   0.0 |       0 |      35 |   0.0 |  1289
        Lair:1 |       0 |    4019 |   0.0 |       0 |      19 |   0.0 |  1032
        Lair:2 |       0 |    1882 |   0.0 |       0 |       8 |   0.0 |   590
        Lair:3 |       0 |    3840 |   0.0 |       0 |      18 |   0.0 |   906
        Lair:4 |       0 |     455 |   0.0 |       0 |       2 |   0.0 |    35
         IceCv |       0 |    4952 |   0.0 |       0 |      25 |   0.0 |   641
               +---------+---------+-------+---------+---------+-------+---------
